 Dungeon Crawl Stone Soup version 0.30.1-4-g462c640d31 (webtiles) character file.

Game seed: 10432541623677659617

36 Ovid the Sneak (level 3, -1/27 HPs)
             Began as a Draconian Enchanter on Aug 12, 2023.
             Was a Follower of Nemelex Xobeh.
             Slain by a hound (3 damage)
             ... on level 2 of the Dungeon.
             The game lasted 00:03:39 (1252 turns).

Ovid the Sneak (Draconian Enchanter)                Turns: 1252, Time: 00:03:39

Health: -1/27      AC:  5    Str: 12    XL:     3   Next: 19%
Magic:  1/6        EV: 12    Int: 15    God:    Nemelex Xobeh [*.....]
Gold:   45         SH:  0    Dex: 11    Spells: 2/6 levels left

rFire   . . .        a - +1 dagger
rCold   . . .        (no shield)
rNeg    . . .        (body armour unavailable)
rPois   .            (helmet restricted)
rElec   .            (no cloak)
rCorr   .            (no gloves)
SInv    .            (no boots)
Will    .....        (no amulet)
Stlth   ++           (no ring)
HPRegen 0.24/turn    (no ring)
MPRegen 0.10/turn

%: no passive effects
@: hasted, very quick
A: AC +5, unfitting armour, cold-blooded
a: Renounce Religion, Draw Escape, Draw Destruction, Draw Summoning


You were on level 2 of the Dungeon.
You worshipped Nemelex Xobeh.
Nemelex Xobeh was aware of your devotion.
You visited 1 branch of the dungeon, and saw 2 of its levels.

You collected 45 gold pieces.

Inventory:

Hand Weapons
 a - a +1 dagger (weapon)
Scrolls
 e - a scroll of fog {unknown}
 f - a scroll of blinking {unknown}
Potions
 b - 2 potions of invisibility
 d - a potion of mutation {unknown}


   Skills:
 * Level 0.3 Fighting
 * Level 1.4 Short Blades
 * Level 1.9 Dodging
 * Level 3.0 Stealth
 * Level 2.4 Spellcasting
 * Level 0.2 Conjurations
 * Level 2.9 Hexes
 * Level 0.3 Translocations
 * Level 0.1 Ice Magic
 * Level 0.5 Invocations


You had 2 spell levels left.
You knew the following spells:

 Your Spells              Type           Power      Damage    Failure   Level
a - Ensorcelled Hibernat  Hex/Ice        12%        N/A       17%         2
b - Momentum Strike       Conj/Tloc      4%         3d8       28%         2

Your spell library contained the following spells:

 Spells                   Type           Power      Damage    Failure   Level
 Blink                    Tloc           4%         N/A       28%         2
 Lesser Beckoning         Tloc           4%         N/A       28%         2
 Confusing Touch          Hex            10%        N/A       19%         3
 Tukima's Dance           Hex            10%        N/A       19%         3
 Dazzling Flash           Conj/Hex       12%        N/A       32%         3


Dungeon Overview and Level Annotations

Branches:
Dungeon (2/15)

Altars:
Nemelex Xobeh


Innate Abilities, Weirdness & Mutations

Your plain brown scales are hard. (AC +5)
You cannot fit into any form of body armour.
You are cold-blooded and may be slowed by cold attacks.


Message History

The hound misses you. The hound bites you but does no damage.
Aiming: Ensorcelled Hibernation (safe; 17% risk of failure)
Press: ? - help, Q - select action, (/) - cycle Shift-Dir - straight line, f - hound
Aim: a hound (chance to affect: 49%)
The hound resists with some effort.
The hound barely misses you.
You closely miss the hound. The hound bites you.
The hound bites you but does no damage.
You barely miss the hound. The hound closely misses you.
You hit the hound but do no damage. The hound bites you. x2
You completely miss the hound. The hound misses you.
You barely miss the hound. The hound closely misses you.
The hound barely misses you.
You hit the hound. You tail-slap the hound.
The hound is moderately wounded.
The hound bites you.
* * * LOW HITPOINT WARNING * * *
You closely miss the hound.
The hound is moderately wounded.
The hound misses you.
You hit the hound.
The hound is moderately wounded.
The hound misses you. The hound closely misses you.
It was a potion of haste.
You feel yourself speed up. The hound barely misses you.
The giant cockroach waves its antennae.
You barely miss the hound.
The hound is moderately wounded.
The hound bites you.
* * * LOW HITPOINT WARNING * * *
You hit the hound but do no damage.
Your tail-slap misses the hound.
The hound is moderately wounded.
The hound bites you.
* * * LOW HITPOINT WARNING * * *
You hit the hound.
The hound is heavily wounded.
The hound bites you.
You die...
Your body disappears without a glow.

.. #. ####....#.#
r.##.##.........
........##g#..#
........##.#..#
........†.....#
..........)..#
...........#....#
...........########.#.
#..#!.....ggBh@.......
#..#######.########.##
. .......<........
.#####.#.####### #.#.#
#.... ###.## #.# #..


You could see a hound, a giant cockroach, a hobgoblin and a goblin.

Vanquished Creatures
  A dart slug (D:1)
  4 bats (D:1)
  4 endoplasms (D:1)
  A giant cockroach (D:1)
  A goblin (D:1)
  3 hobgoblins (D:1)
  3 jackals (D:1)
  4 kobolds
  A quokka (D:2)
  3 ball pythons
  2 frilled lizards
  4 rats (D:1)
31 creatures vanquished.

Notes
Turn   | Place    | Note
-------+----------+-------------------------------------------
     0 | D:1      | Ovid the Draconian Enchanter began the quest for the Orb.
     0 | D:1      | Reached XP level 1. HP: 14/14 MP: 3/3
    14 | D:1      | Found a faded altar of an unknown god.
    71 | D:1      | Prayed at the altar of an unknown god.
    71 | D:1      | Became a worshipper of Nemelex Xobeh the Trickster
    71 | D:1      | Reached * piety under Nemelex Xobeh
   293 | D:1      | Reached XP level 2. HP: 20/20 MP: 5/5
   296 | D:1      | Learned a level 2 spell: Ensorcelled Hibernation
   299 | D:1      | Learned a level 2 spell: Momentum Strike
   401 | D:1      | Received a gift from Nemelex Xobeh
  1005 | D:1      | Reached XP level 3. HP: 25/26 MP: 0/6
  1227 | D:2      | Reached skill level 3 in Stealth
  1252 | D:2      | Slain by a hound

Illustrated notes

Levels and vault maps discovered:
D:1:      tarquinn_simple_flora_water_b, layout_loops_corners,
          hellmonk_ecumenical_altar_slurped_away, minmay_misc_feat_chi
D:2:      layout_basic

Skill      XL: |  1  2  3 |
---------------+----------+-----
Stealth        | 3 |  3.0
Fighting       | |  0.3
Short Blades   | |  1.4
Dodging        | |  1.9
Spellcasting   | |  2.4
Conjurations   | |  0.2
Hexes          | |  2.9
Translocations | |  0.3
Ice Magic      | |  0.1
Invocations    | |  0.5

Action                     || total
---------------------------++-------
  Melee: Dagger            ||    95
         Tailslap          ||     7
   Cast: Ensorcelled Hiber ||    15
         Momentum Strike   ||     3
    Use: Potion            ||     1
   Stab: Sleeping          ||     8
 Armour: Skin              ||    39
  Dodge: Dodged            ||    84
